 Dungeon Crawl Stone Soup version 0.20.0-10-g0535bb4 (webtiles) character file.

40 stringdemon the Insei (level 3, 0/17 HPs)
             Began as a Vine Stalker Transmuter on June 8, 2017.
             Slain by a quokka (2 damage)
             ... on level 2 of the Dungeon.
             The game lasted 00:03:02 (1093 turns).

stringdemon the Insei (Vine Stalker Transmuter)     Turns: 1093, Time: 00:03:03

Health: 0/17       AC:  2    Str: 12    XL:     3   Next: 50%
Magic:  0/7        EV: 12    Int: 13    God:
Gold:   52         SH:  0    Dex: 15    Spells: 0/6 levels left

rFire    + . .     SeeInvis .     - Unarmed
rCold    . . .     Gourm    .   (no shield)
rNeg     . . .     Faith    .   b - +0 robe
rPois    .         Spirit   +   (no helmet)
rElec    .         Reflect  .   (no cloak)
rCorr    .         Harm     .   (no gloves)
MR       .....                  (boots currently unavailable)
Stlth    +.........             (no amulet)
Regen    0.1/turn               h - ring of protection from fire
MPRegen  0.1/turn               (no ring)

@: appendage (expiring), very slightly contaminated
A: fangs 2, talons 3, magic shield, antimagic bite, no potion heal 3, rot
immunity
a: End Transformation


You were on level 2 of the Dungeon.
You were not hungry.
You had grown temporary talons.
You visited 1 branch of the dungeon, and saw 2 of its levels.

You collected 52 gold pieces.

Inventory:

Missiles
 a - 12 arrows
Armour
 b - a +0 robe (worn)
Jewellery
 h - a ring of protection from fire (left hand)
Scrolls
 e - 3 scrolls of identify {unknown}
 i - a scroll of blinking {unknown}
 m - 2 scrolls of remove curse {unknown}
 n - a scroll of teleportation {unknown}
 o - a scroll of noise {unknown}
Potions
 j - a potion of heal wounds {unknown}
 k - 2 potions of degeneration {unknown}
 l - a potion of flight {unknown}
Books
 c - a book of Changes

   Spells                             Type                      Level
   a - Beastly Appendage              Transmutation                1
   b - Sticks to Snakes               Transmutation                2
   c - Spider Form                    Transmutation/Poison         3
   d - Ice Form                       Ice/Transmutation            4
   e - Blade Hands                    Transmutation                5
Comestibles
 d - 2 bread rations
 f - a meat ration
 g - 3 chunks of flesh


   Skills:
 - Level 0.8 Fighting
 - Level 1.5 Dodging
 - Level 4.0 Unarmed Combat
 - Level 2.1 Spellcasting
 + Level 2.4 Transmutations
 * Level 0.8 Poison Magic


You couldn't memorise any spells.
You knew the following spells:

 Your Spells              Type           Power        Failure   Level  Hunger
a - Beastly Appendage     Tmut           #.....       9%          1    ##.....
b - Sticks to Snakes      Tmut           #.......     14%         2    ###....
c - Spider Form           Tmut/Pois      #.........   36%         3    ####...


Dungeon Overview and Level Annotations

Branches:
Dungeon (2/15)

Altars:
Dithmenos


Innate Abilities, Weirdness & Mutations

You have extremely sharp teeth.
When hurt, damage is shared between your health and your magic reserves.
Your bite disrupts and absorbs the magic of your enemies.
Potions cannot restore your health.
You are immune to rotting.
You have claws for feet.


Message History

You hit the rat. Your kick misses the rat.
The rat is heavily wounded.
The rat misses you.
You hit the rat.
You kill the rat!
Your transformation is almost over.
The quokka bites you but does no damage.
You see here a goblin corpse.
You hit the quokka but do no damage. Your bite misses the quokka.
The quokka barely misses you. x2
You hit the quokka but do no damage. The quokka bites you.
* * * LOW HITPOINT WARNING * * *
You barely miss the quokka. Your kick misses the quokka.
You punch the quokka, but do no damage. Your bite misses the quokka.
The quokka bites you.
* * * LOW HITPOINT WARNING * * *
You hit the quokka.
The quokka is heavily wounded.
The quokka bites you.
You die...

# .. ... #.#. #.# ....#
#####
#.#.###.##....#######....
.......... ...........>.
##.......###.#######.###
..........##.# #...#
#...r..##.# ###.#.##
#...@..##.####...#.#.
###....$.......#.._..
#...........####...#.#.
#.######.##.# ###.#.##
#.##.# #...# #.##.#
##.### ..##.# #....
####.# #.... #.. #.###


You could see a quokka.

Vanquished Creatures
  An adder (D:2)
  An ooze (D:1)
  A worm (D:2)
  A dart slug (D:1)
  A leopard gecko (D:1)
  3 goblins
  2 hobgoblins (D:1)
  5 kobolds (D:1)
  2 bats
  A frilled lizard (D:1)
  6 rats
24 creatures vanquished.

Notes
Turn   | Place    | Note
-------+----------+-------------------------------------------
     0 | D:1      | stringdemon the Vine Stalker Transmuter began the quest for the Orb.
     0 | D:1      | Reached XP level 1. HP: 9/9 MP: 4/4
    77 | D:1      | Reached XP level 2. HP: 14/14 MP: 6/6
   488 | D:1      | Reached skill level 4 in Unarmed Combat
   583 | D:1      | Reached XP level 3. HP: 12/17 MP: 7/7
   649 | D:1      | Learned a level 2 spell: Sticks to Snakes
   653 | D:1      | Learned a level 3 spell: Spider Form
   693 | D:2      | Found a faded altar of an unknown god.
  1039 | D:2      | Found a shadowy altar of Dithmenos.
  1093 | D:2      | Slain by a quokka

Skill      XL: |  1  2 |
---------------+-------+-----
Unarmed Combat | 4 |  4.0
Fighting       | |  0.8
Dodging        | |  1.5
Spellcasting   | |  2.1
Transmutations | |  2.4
Poison Magic   | |  0.8

Action                   || total
-------------------------++-------
Melee: Unarmed           ||    67
       Bite              ||    18
       Kick              ||     3
       Headbutt          ||     2
       Punch             ||     1
 Cast: Beastly Appendage ||     9
 Stab: Sleeping          ||     1
  Eat: Chunk             ||     1
Armor: Robe              ||     8
Dodge: Dodged            ||    27
